 Dungeon Crawl Stone Soup version 0.18.1-8-gdd0e5ea (webtiles) character file.

256 taran the Poker (level 5, -1/41 HPs)
             Began as a Centaur Skald on June 7, 2016.
             Killed by divine providence
             ... invoked by an orc priest
              (15 damage)
             ... on level 3 of the Dungeon.
             The game lasted 00:23:26 (4338 turns).

taran the Poker (Centaur Skald)                     Turns: 4338, Time: 00:23:26

Health: -1/41      AC:  7    Str: 16    XL:     5   Next: 92%
Magic:  7/7        EV: -1    Int: 11    God:
Gold:   169        SH:  0    Dex:  8    Spells: 1 memorised, 6 levels left

rFire  . . .     SeeInvis .     a - +0 spear
rCold  . . .     Gourm    .     w - +0 chain mail
rNeg   . . .     Faith    .     (no shield)
rPois  .         Spirit   .     (no helmet)
rElec  .         Dismiss  .     (no cloak)
rCorr  .         Reflect  .     (no gloves)
SustAt .         Harm     .     (no barding)
MR     .....                    (no amulet)
Stlth  ..........               (no ring)
                                (no ring)

@: very quick, not resistant to hostile enchantments, extremely unstealthy
A: hooves 3, deformed body, speed 2, tough skin 3
a: no special abilities


You were on level 3 of the Dungeon.
You were not hungry.

You visited 1 branch of the dungeon, and saw 3 of its levels.

You collected 169 gold pieces.

Inventory:

Hand Weapons
 a - a +0 spear (weapon)
 f - a +1 dagger of venom
 h - a +0 spear
Missiles
 i - 5 javelins
 j - 16 bolts
 s - 8 tomahawks (quivered)
Armour
 b - a +0 leather armour
 t - a +0 plate armour
 w - a +0 chain mail (worn)
 y - a +3 ring mail
Jewellery
 n - an uncursed ring of fire
Wands
 x - a wand of lightning (7/15)
Scrolls
 l - 3 scrolls of blinking {unknown}
 m - a scroll of noise {unknown}
 o - 2 scrolls of remove curse {unknown}
 q - a scroll of immolation {unknown}
Potions
 e - 2 potions of curing
 r - a potion of beneficial mutation
 u - a potion of mutation
Books
 c - a book of Battle

   Spells                             Type                      Level
   a - Infusion                       Charms                       1
   b - Shroud of Golubria             Charms/Translocation         2
   c - Song of Slaying                Charms                       2
   d - Spectral Weapon                Hexes/Charms                 3
   e - Regeneration                   Charms/Necromancy            3
Comestibles
 d - 4 bread rations
 k - 2 meat rations
 p - 2 fruits


   Skills:
 - Level 2.0 Fighting
 + Level 5.3 Polearms
 + Level 1.6 Armour
 - Level 0.6 Dodging
 - Level 1.5 Spellcasting
 - Level 2.6 Charms


You had 6 spell levels left.
You knew the following spells:

 Your Spells              Type           Power        Failure   Level  Hunger
a - Infusion              Chrm           #...         99%         1    ##.....


Dungeon Overview and Level Annotations

Branches:
Dungeon (3/15)

Altars:


Innate Abilities, Weirdness & Mutations

You have hooves in place of feet.
Armour fits poorly on your strangely shaped body.
You cover ground very quickly.
You have extremely tough skin (AC +3).


Message History

The orc priest barely misses you.
Your chain mail prevents you from hitting the orc priest.
Your kick misses the orc priest.
The orc priest is moderately wounded.
You hit the orc priest but do no damage.
You kick the orc priest, but do no damage.
The orc priest is moderately wounded.
The orc priest hits you but does no damage.
You hit the orc priest but do no damage.
The orc priest is moderately wounded.
The orc priest invokes the aid of Beogh against you.
Pain shoots through your body!
* * * LOW HITPOINT WARNING * * *
You are too injured to fight recklessly!
You see here a tomahawk.
s - 8 tomahawks (gained 1)
There is a stone staircase leading up here.
The orc priest mumbles some strange prayers to Beogh against you.
Beogh smites you!
You die...

............# ..
.#.#####.##.# .# ##.#
#.##.###.# ##.# #.##.....#
#.# #........# ##.#
#####)#### #+# .#.#
#####.##### #.# .#.#
#.........# #.# .#.#
#.###.###@### ##.## .#.#
#.# #.o.....###...## ...#
#.# ###............# .###
#.#####.#.#.###...########
.#
#.........#.###..##.......
.#
#######.###..)....[.......
## #.# #####..##.......
#.# #..#########
#.#######..#


You could see an orc priest.

Vanquished Creatures
  An orc wizard (D:3)
  2 orc priests (D:3)
  Natasha (thrice) (D:3 D:2)
  2 adders
  A worm (D:2)
  2 dart slugs
  A giant gecko (D:1)
  7 orcs
  12 bats
  9 goblins
  6 hobgoblins
  5 jackals (D:2)
  3 quokkas
  5 giant newts
  4 kobolds
  2 rats
65 creatures vanquished.

Notes
Turn   | Place    | Note
--------------------------------------------------------------
     0 | D:1      | taran the Centaur Skald began the quest for the Orb.
     0 | D:1      | Reached XP level 1. HP: 17/17 MP: 3/3
    74 | D:1      | Reached skill level 2 in Polearms
   126 | D:1      | Reached XP level 2. HP: 24/24 MP: 4/4
   318 | D:1      | Reached skill level 3 in Polearms
   603 | D:2      | Reached XP level 3. HP: 28/29 MP: 5/5
  1814 | D:3      | Reached skill level 4 in Polearms
  1814 | D:3      | Reached XP level 4. HP: 23/36 MP: 6/6
  2117 | D:3      | Noticed Natasha
  2123 | D:3      | Killed Natasha
  2266 | D:3      | Noticed Natasha
  2450 | D:2      | Killed Natasha
  2450 | D:2      | Reached XP level 5. HP: 14/41 MP: 7/7
  2454 | D:2      | Reached skill level 5 in Polearms
  2827 | D:3      | Reached skill level 1 in Armour
  3929 | D:2      | Noticed Natasha
  3944 | D:2      | Killed Natasha
  4338 | D:3      | Killed from afar by an orc priest

Skill      XL: |  1  2  3  4  5 |
---------------+----------------+-----
Polearms       | 2 3 4 5 |  5.3
Armour         | 1 |  1.6
Fighting       | |  2.0
Dodging        | |  0.6
Spellcasting   | |  1.5
Charms         | |  2.6

Action                   |  1- 3 |  4- 6 || total
-------------------------+-------+-------++-------
Melee: Spear             |   220 |   168 ||   388
       Kick              |    19 |    29 ||    48
Throw: Javelin           |     2 |     5 ||     7
       Tomahawk          |       |    10 ||    10
 Cast: Infusion          |       |     1 ||     1
  Use: Scroll            |       |     4 ||     4
       Potion            |       |     1 ||     1
  Eat: Chunk             |     2 |     4 ||     6
       Meat ration       |       |     1 ||     1
Armor: Leather armour    |    38 |       ||    38
       Plate armour      |    17 |    29 ||    46
       Chain mail        |       |    23 ||    23
Dodge: Dodged            |    65 |    18 ||    83
